 Dungeon Crawl Stone Soup version 0.31-a0-940-gdaa99269f9 (webtiles) character file.

Game seed: 10995534011788694975

146 p00ps00p the Trooper (level 5, -1/47 HPs)
             Began as a Hill Orc Fighter on Oct 21, 2023.
             Slain by a scorpion (5 damage)
             ... on level 4 of the Dungeon.
             The game lasted 00:04:06 (2920 turns).

p00ps00p the Trooper (Hill Orc Fighter)             Turns: 2920, Time: 00:04:06

Health: -1/47      AC:  7    Str: 21    XL:     5   Next: 28%
Magic:  5/5        EV:  9    Int:  8    God:
Gold:   204        SH:  4    Dex: 10    Spells: 4/4 levels left

rFire   . . .        l - +0 hand axe
rCold   . . .        c - +0 buckler
rNeg    . . .        b - +0 scale mail
rPois   .            (no helmet)
rElec   .            (no cloak)
rCorr   .            (no gloves)
SInv    .            (no boots)
Will    .....        (no amulet) Stlth
                     (no ring)
HPRegen 0.27/turn    (no ring)
MPRegen 0.09/turn

%: no passive effects
@: lethally poisoned (-1 -> -7), invisible
A: no striking features
a: no special abilities


You were on level 4 of the Dungeon.
You visited 1 branch of the dungeon, and saw 4 of its levels.

You collected 204 gold pieces.

Inventory:

Hand Weapons
 a - a +0 war axe
 e - a +1 dagger of venom
 l - a +0 hand axe (weapon)
Missiles
 n - 7 poisoned darts
Armour
 b - a +0 scale mail (worn)
 c - a +0 buckler (worn)
Scrolls
 h - a scroll of teleportation
 k - 2 scrolls of amnesia
 q - a scroll of poison
 r - a scroll of immolation {unknown}
Potions
 d - a potion of might
 g - a potion of brilliance
 m - a potion of mutation {unknown}
 o - a potion of magic {unknown}
 p - a potion of haste {unknown}
 t - a potion of ambrosia {unknown}


   Skills:
 + Level 4.6 Fighting
 + Level 4.1 Axes
 + Level 4.2 Armour
 + Level 4.2 Shields


You had 4 spell levels left.
You didn't know any spells.
Your spell library contained the following spells:

 Spells                   Type           Power      Damage    Failure   Level
 Sublimation of Blood     Necr           0%         N/A       91%         2
 Wereblood                Tmut           0%         N/A       91%         2
 Hailstorm                Conj/Ice       0%         3d3       99%         3
 Ozocubu's Armour         Ice            0%         N/A       99%         3
 Summon Ice Beast         Ice/Summ       0%         N/A       100%        4
 Metabolic Englaciation   Hex/Ice        0%         N/A       100%        5
 Simulacrum               Ice/Necr       0%         N/A       100%        6
 Summon Hydra             Summ           0%         N/A       100%        7


Dungeon Overview and Level Annotations

Branches:
Dungeon (4/15)
 Temple: D:4-7

Altars:
Ashenzari
Dithmenos
Kikubaaqudgha
Sif Muna
Vehumet

Annotations:
D:4 2 runed translucent doors


Message History

The scorpion stings you.
Unknown command.
You fade into invisibility!
You feel very sick.
The scorpion stings you but does no damage.
You completely miss the scorpion.
The scorpion is lightly wounded.
You feel very sick. You block the scorpion's attack.
You barely miss the scorpion.
The scorpion is lightly wounded.
You feel very sick.
The scorpion stings you but does no damage.
The scorpion stings you.
You are more poisoned.
The scorpion poisons you!
You hit the scorpion but do no damage.
The scorpion is lightly wounded.
You feel very sick. The scorpion barely misses you.
Unknown command.
You hit the scorpion.
The scorpion is lightly wounded.
* * * LOW HITPOINT WARNING * * *
You feel very sick.
The scorpion stings you but does no damage.
Unknown command.
You hit the scorpion but do no damage.
The scorpion is lightly wounded.
* * * LOW HITPOINT WARNING * * *
You feel very sick. The scorpion stings you.
* * * LOW HITPOINT WARNING * * *
Unknown command.
You hit the scorpion.
The scorpion is moderately wounded.
* * * LOW HITPOINT WARNING * * *
You feel very sick. The scorpion closely misses you. The scorpion stings you.
You die...

...+# #####.#### #........
#....# #........# #.#..#.#.
#.....# #.###.##.# #.#..#.#.
#.....†###.##..##.# #.#....#.
#.....†.##.#...##.#####.#....#.
#.....†.'......................
#.......##.#...##.#####<#....#.
#?.....###.##..##.# #.#....#.
#.....# #....@##.# #........
#....# #.....s..# ####.####
..#+# ##...##### #.# ## ....##
#.### ###..# ##...## #..#
#...... #..# #.##.## #..# #.
#.# #. #.##


You could see a scorpion (unable to see you).

Vanquished Creatures
  A howler monkey (D:4)
  3 adders
  A worm (D:4)
  4 dart slugs
  4 ball pythons
  2 bat zombies (D:3)
  3 endoplasms (D:2)
  3 giant cockroaches
  10 hobgoblins
  4 jackals (D:2)
  4 quokkas
  7 bats
  5 frilled lizards
  3 goblins
  8 kobolds
  2 rats
  3 rat zombies (D:3)
67 creatures vanquished.

Notes
Turn   | Place    | Note
-------+----------+-------------------------------------------
     0 | D:1      | p00ps00p the Hill Orc Fighter began the quest for the Orb.
     0 | D:1      | Reached XP level 1. HP: 19/19 MP: 1/1
   178 | D:1      | Reached XP level 2. HP: 24/27 MP: 2/2
   557 | D:1      | Reached XP level 3. HP: 33/33 MP: 3/3
  1079 | D:2      | Reached XP level 4. HP: 40/40 MP: 4/4
  1706 | D:3      | Found a broken altar of Ashenzari.
  1758 | D:3      | Found a shimmering blue altar of Sif Muna.
  1847 | D:3      | Found a faded altar of an unknown god.
  1943 | D:3      | Found a shadowy altar of Dithmenos.
  2168 | D:3      | Found an ancient bone altar of Kikubaaqudgha.
  2570 | D:4      | Found a runed translucent gate.
  2570 | D:4      | Found a runed translucent gate.
  2587 | D:4      | Found a radiant altar of Vehumet.
  2886 | D:4      | Reached XP level 5. HP: 44/47 MP: 5/5
  2920 | D:4      | Slain by a scorpion

Illustrated notes

Levels and vault maps discovered:
D:1:      dpeg_arrival_renting, layout_basic, serial_bayou_pond_c
D:2:      layout_loops_ring, grunt_ministairs_9
D:3:      layout_rooms, cheibrodos_ashenzari_chains, overflow_temple_1_default,
          nicolae_dithmenos_shadow_blocks, lemuel_zombie_altar_kikubaaqudgha,
          ebering_ecumenical_altar_petrified
D:4:      layout_loops_corners, nicolae_vehumet_radiance, lemuel_tele_altar,
          zin_angel, ebering_ghost_gozag

Skill      XL: |  1  2  3  4 |
---------------+-------------+-----
Axes           | 3 4 |  4.1
Fighting       | 4 |  4.6
Shields        | 4 |  4.2
Armour         | 4 |  4.2

Action                     |  1- 3 |  4- 6 || total
---------------------------+-------+-------++-------
  Melee: War axe           |    62 |       ||    62
         Dagger            |    46 |    29 ||    75
         Hand axe          |       |   119 ||   119
    Use: Scroll            |     3 |     9 ||    12
         Potion            |       |     3 ||     3
 Armour: Scale mail        |    62 |    99 ||   161
  Dodge: Dodged            |    48 |    74 ||   122
  Block: Buckler           |    21 |    39 ||    60

Table legend: (Time is in decaauts)
 A = Elapsed time spent in this place.
 B = Non-inter-level travel time spent in this place.
 C = Inter-level travel time spent in this place.
 D = Time resting spent in this place.
 E = Time spent auto-exploring this place.
 F = Levels seen in this place.
 G = Mean time per level.
                   A        B        C        D        E       F      G
               +--------+--------+--------+--------+--------+-----+--------+
         Total |   2963 |   2882 |     81 |    370 |   1973 |   4 |  740.8 |
       Dungeon |   2963 |   2882 |     81 |    370 |   1973 |   4 |  740.8 |
               +--------+--------+--------+--------+--------+-----+--------+

Top non-repeatable levels by time:
     D:3: 896 daAuts
     D:1: 846 daAuts
     D:2: 822 daAuts
     D:4: 397 daAuts
